 Dungeon Crawl Stone Soup version 0.31.0-1-g2c135a008e (webtiles) character file.

Game seed: 5186740782051478041

901 EnegeticOcto the Ruffian (level 7, -3/66 HPs)
             Began as a Troll Delver on Jan 20, 2024.
             Was a Believer of Okawaru.
             Slain by a wyvern (15 damage)
             ... on level 8 of the Dungeon.
             The game lasted 00:03:45 (660 turns).

EnegeticOcto the Ruffian (Troll Delver)              Turns: 660, Time: 00:03:45

Health: -3/66      AC:  4    Str: 23    XL:     7   Next: 80%
Magic:  7/9        EV: 12    Int:  6    God:    Okawaru [**....]
Gold:   117        SH:  0    Dex: 11    Spells: 6/6 levels left

rFire   . .          .
                       - Unarmed
rCold   . . .        (no shield)
rNeg    . . .        a - +0 robe
rPois   .            (helmet restricted)
rElec   .            (no cloak)
rCorr   .            (gloves unavailable)
SInv    .            (boots unavailable)
Will    .....        (no amulet)
Stlth   ++++         (no ring)
HPRegen 1.11/turn    (no ring)
MPRegen 0.11/turn

%: no passive effects
@: heroic
A: large, unfitting armour, claws 3, regeneration 1, shaggy fur 1, tough skin 1
a: Renounce Religion, Heroism


You were on level 8 of the Dungeon.
You worshipped Okawaru.
Okawaru was pleased with you.
You visited 2 branches of the dungeon, and saw 6 of its levels.

You collected 117 gold pieces.

Inventory:

Missiles
 j - 5 curare-tipped darts (quivered)
 l - 7 poisoned darts
Armour
 a - a +0 robe (worn)
Wands
 f - a wand of digging (3) {@v3}
 k - a wand of mindburst (13)
   (You found it on level 7 of the Dungeon)
Scrolls
 b - a scroll of fog {!r}
 d - a scroll of fear {!r}
 g - a scroll of enchant armour {unknown}
 h - a scroll of butterflies {unknown}
 i - a scroll of teleportation {unknown}
Potions
 c - a potion of heal wounds {unknown}
 e - a potion of haste {@q4 !q}
 m - a potion of curing {unknown}


   Skills:
 - Level 2.7(7.7) Fighting
 - Level 2.0(7.0) Dodging
 - Level 2.9(7.9) Stealth
 + Level 7.4(12.4) Unarmed Combat
 - Level 4.0 Invocations


You had 6 spell levels left.
You didn't know any spells.
Your spell library contained the following spells:

 Spells                   Type           Power      Damage    Failure   Level
 Conjure Ball Lightning   Conj/Air       0%         3x3d6     100%        6
 Discord                  Hex            0%         N/A       100%        8
 Disjunction              Tloc           0%         N/A       100%        8


Dungeon Overview and Level Annotations

Branches:
Dungeon (9/15) Zot: 26963  Temple (1/1) D:6 Zot: 5855
   Lair: D:8-11         Orc: D:9-12

Altars:
Ashenzari
Cheibriados
Dithmenos
Elyvilon
Fedhas
Gozag
Hepliaklqana
Kikubaaqudgha
Makhleb
Nemelex Xobeh
Okawaru
Qazlal
Trog
Uskayaw
Vehumet
Wu Jian
Xom
Zin


Innate Abilities, Weirdness & Mutations

You are too large for most types of armour.
You have claws for hands.
Your natural rate of healing is unusually fast.
You are covered in fur. (AC +1)
You have tough skin. (AC +1)


Message History

You miss the wolf. The wolf bites you but does no damage.
You scratch the wolf.
The wolf is lightly wounded.
The wolf bites you! The wolf barely misses you.
You miss the wolf.
The wolf is lightly wounded.
The wolf bites you.
You barely miss the wolf.
The wolf is lightly wounded.
The wolf bites you. The wolf bites you but does no damage.
You barely miss the wolf.
The wolf is lightly wounded.
The wolf bites you.
You miss the wolf.
The wolf is lightly wounded.
The wolf bites you. The wolf bites you but does no damage.
You miss the wolf.
The wolf is lightly wounded.
The wolf closely misses you.
You closely miss the wolf.
The wolf is lightly wounded.
The wolf barely misses you. The wolf bites you.
You scratch the wolf.
The wolf is moderately wounded.
The wolf bites you.
You mangle the wolf!!
You kill the wolf!
Okawaru accepts your kill.
Training target 4.0 for Invocations reached!
Your Invocations skill increases to level 4!
You see here a wolf corpse.
A white imp comes into view.
You see here 16 gold pieces.
You are too injured to fight recklessly!
You are too injured to fight recklessly!
You are too injured to fight recklessly!
You are too injured to fight recklessly!
You catch the helpless white imp completely off-guard!
You claw the white imp!
You kill the white imp!
Okawaru accepts your kill.
You now have 117 gold pieces (gained 16).
A white imp comes into view.
Found a flail.
The white imp moves out of view.
A wyvern comes into view.
There is a stone staircase leading down here.
You climb downwards.
Found a lumpy clear potion and 6 atropa-tipped darts.
There is a stone staircase leading up here.
m - a lumpy clear potion
There is a stone staircase leading up here.
You climb upwards.
There is a stone staircase leading down here.
What are your orders? t - Shout!
Orders for allies: a - Attack new target. r - Retreat! s - Stop attacking. g - Guard the area. f - Follow me.
Anything else - Cancel.
You shout for attention!
You hear an angry hiss.
The white imp shouts!
The white imp gestures at you. The puff of frost hits you!
The white imp gestures at you. The puff of frost hits you!
The wyvern hisses angrily.
Throw: 6 darts (curare)
Press: ? - help, Q - select action, (/) - cycle Shift-Dir - straight line, f - wyvern
Aim: a wyvern (52% to hit)
You throw a curare-tipped dart.
The curare-tipped dart barely misses the wyvern.
The wyvern bites you!
You gain the combat prowess of a mighty hero.
The wyvern bites you! The white imp gestures at you.
The puff of frost hits you. The wyvern closely misses you.
You barely miss the wyvern. The wyvern closely misses you.
The white imp hits you. The white imp freezes you.
You scratch the wyvern.
The wyvern is lightly wounded.
The wyvern barely misses you.
You scratch the wyvern.
The wyvern is moderately wounded.
The wyvern barely misses you. The white imp gestures at you.
The puff of frost hits you!
* * * LOW HITPOINT WARNING * * *
You barely miss the wyvern. Your claw misses the wyvern.
The wyvern is moderately wounded.
The wyvern barely misses you. The white imp gestures at you.
The puff of frost hits you.
* * * LOW HITPOINT WARNING * * *
You closely miss the wyvern. Your claw misses the wyvern.
The wyvern is moderately wounded.
The wyvern bites you but does no damage.
You barely miss the wyvern.
The wyvern is moderately wounded.
The wyvern bites you!
You die...

#. #.##.#.#... ##.#
##.##....... #...
............
#...###.#........ .
#.......#......#.
#..#######...#†........
.............>........#
..###...######.##.#..#
#@..# #.##.#..# #k5..#
#.##.#..# ......##
#.##.#..# .......##
#.##.#..# ...).8..#
#.##.#<.# .......## #.#
#..# ....... ..##
(...### ##.# #.#


You could see a wyvern and a white imp.

Vanquished Creatures
  A sky beast (D:8)
  An ogre (D:6)
  A wolf (D:8)
  A kobold brigand (D:7)
  2 bullfrogs
  A scorpion (D:7)
  4 wights (D:7)
  3 killer bees (D:7)
  A bombardier beetle (D:5)
  A shadow imp (D:7)
  2 white imps
  6 kobolds (D:7)
24 creatures vanquished.

Notes
Turn   | Place    | Note
-------+----------+-------------------------------------------
     0 | D:5      | EnegeticOcto the Troll Delver began the quest for the Orb.
     0 | D:5      | Reached XP level 1. HP: 22/22 MP: 0/0
     1 | D:5      | Noticed a bombardier beetle
    28 | D:5      | Killed a bombardier beetle
    29 | D:5      | Reached skill level 2 in Dodging
    29 | D:5      | Reached XP level 2. HP: 9/29 MP: 1/1
    29 | D:5      | Reached XP level 3. HP: 12/36 MP: 2/2
   117 | D:6      | Found a staircase to the Ecumenical Temple.
   127 | Temple   | Entered the Ecumenical Temple
   199 | Temple   | Became a worshipper of Warmaster Okawaru
   287 | D:6      | Noticed an ogre
   294 | D:6      | Killed an ogre
   295 | D:6      | Reached skill level 4 in Unarmed Combat
   295 | D:6      | Reached XP level 4. HP: 35/44 MP: 3/3
   297 | D:6      | Found a sparkling altar of Nemelex Xobeh.
   342 | D:7      | Reached * piety under Okawaru
   343 | D:7      | Reached XP level 5. HP: 20/50 MP: 4/4
   352 | D:7      | Reached skill level 5 in Unarmed Combat
   403 | D:7      | Reached skill level 1 in Invocations
   403 | D:7      | Reached XP level 6. HP: 53/59 MP: 2/5
   424 | D:7      | Reached skill level 6 in Unarmed Combat
   424 | D:7      | Reached skill level 2 in Invocations
   510 | D:7      | Reached XP level 7. HP: 22/66 MP: 6/8
   514 | D:7      | Reached ** piety under Okawaru
   515 | D:7      | Reached skill level 3 in Invocations
   594 | D:8      | Reached skill level 7 in Unarmed Combat
   604 | D:8      | Reached skill level 4 in Invocations
   615 | D:8      | Noticed a wyvern
   660 | D:8      | Slain by a wyvern

Illustrated notes

Levels and vault maps discovered:
D:5:      layout_loops_ring, kennysheep_orc_sif_temple, uniq_duvessa, uniq_ijyb,
          uniq_prince_ribbit1, uniq_crazy_yiuf_cottage
D:6:      layout_loops_ring, general_overflow_altar,
          minmay_temple_entry_crystal_x, hangedman_decor_growths, uniq_eustachio
D:7:      layout_cave_pools
D:8:      hangedman_cross_stitches, layout_basic, overflow_temple_1_default,
          serial_ice, serial_ice_k, serial_ice_o, serial_ice_a, serial_ice_e,
          serial_ice_b, serial_shops, shop, kennysheep_crisscross, hex_tiny,
          dreamdust_mushroom_princess, chequers_avenue
D:9:      layout_long_grid, david_orc_5, uniq_erolcha, uniq_maurice
Temple:   minmay_temple_bridge_d

Skill      XL: |  1  2  3  4  5  6  7 |
---------------+----------------------+-----
Dodging        | 2 |  2.0
Unarmed Combat | 4 5 6 7 |  7.4
Invocations    | 1 2 4 |  4.0
Fighting       | |  2.7
Stealth        | |  2.9

Action                     |  1- 3 |  4- 6 |  7- 9 || total
---------------------------+-------+-------+-------++-------
  Melee: Unarmed           |    16 |    47 |    38 ||   101
  Throw: Dart              |       |       |     1 ||     1
 Invoke: Heroism           |       |     2 |     1 ||     3
    Use: Scroll            |     1 |       |       ||     1
   Stab: Distracted        |       |       |     1 ||     1
         Sleeping          |       |       |     1 ||     1
 Armour: Robe              |     9 |    43 |    39 ||    91
  Dodge: Dodged            |     3 |    29 |    20 ||    52

Table legend:
 A = Kills in this place as a percentage of kills in the entire game.
 B = Kills by you in this place as a percentage of kills by you in the entire game.
 C = Kills by friends in this place as a percentage of kills by friends in the entire game.
 D = Other kills in this place as a percentage of other kills in the entire game.
 E = Experience gained in this place as a percentage of experience gained in the entire game.
 F = Experience gained in this place divided by the number of levels of this place that you have seen.
                   A       B       C       D       E      F
               +-------+-------+-------+-------+-------+----------------------
         Total | 100.0 | 100.0 |   N/A |   N/A | 100.0 | 214.7
       Dungeon | 100.0 | 100.0 |   N/A |   N/A | 100.0 | 257.6
               +-------+-------+-------+-------+-------+----------------------
